 Dungeon Crawl Stone Soup version 0.31.0-12-g77e489cdc1 (webtiles) character file.

Game seed: 3034642380302596198

795 Silvore the Cudgeller (level 7, -8/61 HPs)
             Began as a Minotaur Fighter on Feb 24, 2024.
             Mangled by an ogre
             ... wielding a +0 giant club
              (10 damage)
             ... on level 5 of the Dungeon.
             The game lasted 00:04:30 (3282 turns).

Silvore the Cudgeller (Minotaur Fighter)            Turns: 3282, Time: 00:04:31

Health: -8/61      AC: 13    Str: 23    XL:     7   Next: 58%
Magic:  6/6        EV:  6    Int:  5    God:
Gold:   204        SH:  4    Dex:  9    Spells: 6/6 levels left

rFire   . . .        a - +1 flail
rCold   . . .        c - +0 buckler
rNeg    . . .        f - +1 plate armour
rPois   .            (helmet restricted)
rElec   .            (no cloak)
rCorr   .            (no gloves)
SInv    .            (no boots)
Will    .....        (no amulet) Stlth
                     h - ring of flight
HPRegen 0.30/turn    (no ring)
MPRegen 0.10/turn

%: no passive effects
@: mighty, flying
A: horns 2, retaliatory headbutt
a: no special abilities


You were on level 5 of the Dungeon.
You visited 1 branch of the dungeon, and saw 5 of its levels.

You collected 204 gold pieces.

Inventory:

Hand Weapons
 a - a +1 flail (weapon)
Missiles
 j - a throwing net (quivered)
Armour
 b - a +0 scale mail
 c - a +0 buckler (worn)
 f - a +1 plate armour (worn)
Jewellery
 h - a ring of flight (left hand)
 k - a ring of resist corrosion
 n - a ring of ice
 t - a ring of magical power
Scrolls
 l - a scroll of immolation
 m - 2 scrolls of revelation
 o - a scroll of blinking
 p - 3 scrolls of vulnerability
 r - a scroll of summoning
 s - a scroll of poison
 u - a scroll of silence {unknown}
Potions
 d - a potion of might
 e - a potion of curing
 g - a potion of attraction {unknown}
 i - 2 potions of degeneration
 q - a potion of heal wounds {unknown}
 v - a potion of mutation {unknown}


   Skills:
 + Level 5.2 Fighting
 + Level 7.4 Maces & Flails
 + Level 6.0 Armour
 + Level 1.0 Dodging
 + Level 0.1 Stealth
 + Level 5.1 Shields


You had 6 spell levels left.
You didn't know any spells.
Your spell library contained the following spells:

 Spells                   Type           Power      Damage    Failure   Level
 Freeze                   Ice            0%         1d3       100%        1
 Frozen Ramparts          Ice            0%         1d1       100%        3
 Hailstorm                Conj/Ice       0%         3d5       100%        3
 Leda's Liquefaction      Alch/Erth      0%         N/A       100%        4
 Petrify                  Alch/Erth      0%         N/A       100%        4
 Metabolic Englaciation   Hex/Ice        0%         N/A       100%        5


Dungeon Overview and Level Annotations

Branches:
Dungeon (5/15)
 Temple: D:4-7

Altars:
Makhleb
Qazlal
Sif Muna


Innate Abilities, Weirdness & Mutations

You have a pair of horns on your head.
You reflexively headbutt those who attack you in melee.


Message History

You now have 198 gold pieces (gained 6).
Found a stone staircase leading up.
You pick up a book of Frost and begin reading...
You add the spells Freeze and Hailstorm to your library.
u - a scroll labelled YHAHIY MISH
Found a stone staircase leading down.
Found a dagger.
Found a stone staircase leading down.
You now have 204 gold pieces (gained 6).
Found 5 stones.
You see here 5 stones.
v - a bubbling inky potion
Found a ring of flight.
An iguana and an ogre come into view.
The iguana hisses angrily.
The ogre shouts!
There are monsters nearby!
You sock the ogre!
The ogre is moderately wounded.
The ogre barely misses you. You furiously retaliate!
You headbutt the ogre. You barely miss the ogre.
The ogre is heavily wounded.
The ogre barely misses you.
You barely miss the ogre.
The ogre is heavily wounded.
The iguana bites you.
You barely miss the ogre.
The ogre is heavily wounded.
The iguana bites you but does no damage.
The ogre hits you with a +0 giant club!!
You hit the ogre.
The ogre is heavily wounded.
The iguana barely misses you. The ogre hits you with a +0 giant club!
* * * LOW HITPOINT WARNING * * *
The iguana attacks as it pursues you! You block the iguana's attack.
The ogre attacks as it pursues you! The ogre hits you with a +0 giant club!
* * * LOW HITPOINT WARNING * * *
The iguana attacks as it pursues you! You block the iguana's attack.
You feel very mighty all of a sudden. The iguana barely misses you.
The ogre hits you with a +0 giant club!
You die...

########### ###.........#
..(......##.######
########.........##
#.#........##
#.........=.#
#...........# #
..^...........# .#
...#........@..# ..##
...#........lO.# .... ..
#......<....#..#
########.............#
..........................
.....>...............?....
...................#......
..........................
...................#####..


You could see an ogre and an iguana.

Vanquished Creatures
  An ice beast (D:5)
  Blork the orc (D:5)
  5 scorpions
  A bombardier beetle (D:3)
  A jelly (D:5)
  An iguana (D:4)
  2 orc wizards
  3 gnolls (D:3)
  7 adders
  2 dart slugs
  3 ribbon worms
  12 orcs
  7 ball pythons
  6 endoplasms
  3 giant cockroaches
  9 goblins
  10 hobgoblins
  4 jackals (D:4)
  3 quokkas
  4 bats
  3 frilled lizards
  4 kobolds
  4 rats
96 creatures vanquished.

Notes
Turn   | Place    | Note
-------+----------+-------------------------------------------
     0 | D:1      | Silvore the Minotaur Fighter began the quest for the Orb.
     0 | D:1      | Reached XP level 1. HP: 19/19 MP: 0/0
   224 | D:1      | Reached XP level 2. HP: 22/27 MP: 1/1
   372 | D:1      | Reached skill level 3 in Maces & Flails
   692 | D:2      | Reached XP level 3. HP: 33/33 MP: 2/2
   887 | D:2      | You are sucked into a shaft and drop 2 floors!
   918 | D:4      | Reached XP level 4. HP: 38/40 MP: 3/3
  1416 | D:3      | Reached skill level 4 in Maces & Flails
  1416 | D:3      | Reached XP level 5. HP: 16/47 MP: 4/4
  1420 | D:3      | Reached skill level 5 in Armour
  2110 | D:3      | Found a stormy altar of Qazlal.
  2351 | D:4      | Reached skill level 5 in Maces & Flails
  2573 | D:4      | Reached XP level 6. HP: 33/53 MP: 5/5
  2902 | D:5      | Entered Level 5 of the Dungeon
  2908 | D:5      | Found a burning altar of Makhleb.
  2910 | D:5      | Noticed Blork the orc
  2948 | D:5      | Killed Blork the orc
  2949 | D:5      | Reached skill level 6 in Maces & Flails
  2949 | D:5      | Reached skill level 1 in Dodging
  2949 | D:5      | Reached skill level 5 in Shields
  2949 | D:5      | Reached XP level 7. HP: 23/60 MP: 6/6
  2963 | D:5      | Reached skill level 5 in Fighting
  3128 | D:5      | Found a shimmering blue altar of Sif Muna.
  3165 | D:5      | Reached skill level 7 in Maces & Flails
  3280 | D:5      | HP: 2/61 [ogre/+0 giant club (11)]
  3282 | D:5      | Mangled by an ogre

Illustrated notes

Levels and vault maps discovered:
D:1:      denvon_arrival_waterhouse, layout_loops_ring
D:2:      layout_rooms, minmay_misc_feat_plants, minmay_pentomino_q2
D:3:      layout_rooms, mainiacjoe_overflow_24_doors,
          chequers_serial_rivers_small_a, serial_bayou_pond_c,
          kennysheep_generic_room_16
D:4:      layout_basic
D:5:      layout_rooms, mainiacjoe_overflow_brackets,
          nicolae_sif_muna_condensation, lemuel_tele_altar,
          minmay_temple_entry_offerings, uniq_blork_the_orc

Skill      XL: |  1  2  3  4  5  6  7 |
---------------+----------------------+-----
Armour         | 4 5 6 |  6.0
Maces & Flails | 3 4 5 6 7 |  7.4
Fighting       | 4 5 |  5.2
Shields        | 4 5 |  5.1
Dodging        | 1 |  1.0
Stealth        | |  0.1

Action                     |  1- 3 |  4- 6 |  7- 9 || total
---------------------------+-------+-------+-------++-------
  Melee: Flail             |    56 |   119 |    40 ||   215
         Headbutt          |    11 |    20 |     5 ||    36
    Use: Scroll            |     4 |     7 |       ||    11
         Potion            |       |       |     2 ||     2
 Armour: Scale mail        |    49 |    70 |       ||   119
         Plate armour      |       |    51 |    46 ||    97
  Dodge: Dodged            |    29 |    56 |    14 ||    99
  Block: Buckler           |     8 |    35 |     9 ||    52
